 Dungeon Crawl Stone Soup version 0.32-a0-700-g9bfe03f (webtiles) character file.

Game seed: 3012704224254914317

11 Toastz the Vexing (level 2, 0/19 HPs)
             Began as a Vampire Enchanter on Mar 13, 2024.
             Slain by a kobold
             ... wielding a +0 short sword
              (2 damage)
             ... on level 1 of the Dungeon.
             The game lasted 00:00:59 (264 turns).

Toastz the Vexing (Vampire Enchanter)                Turns: 264, Time: 00:00:59

Health: 0/19       AC:  2    Str:  7    XL:     2   Next: 17%
Magic:  3/5        EV: 11    Int: 17    God:
Gold:   20         SH:  0    Dex: 14    Spells: 3/5 levels left

rFire   . . .        a - +1 dagger
rCold   . . .        (no shield)
rNeg    . . .        b - +0 robe
rPois   .            (no helmet)
rElec   .            (no cloak)
rCorr   .            (no gloves)
SInv    +            (no boots)
Will    .....        (no amulet)
Stlth   +++          (no ring)
HPRegen 0.43/turn    (no ring)
MPRegen 0.09/turn

%: no passive effects
@: healing quickly
A: alive, fangs 3, see invisible, vampiric 1
a: Exsanguinate


You were on level 1 of the Dungeon.
You visited 1 branch of the dungeon, and saw 1 of its levels.

You collected 20 gold pieces.

Inventory:

Hand Weapons
 a - a +1 dagger (weapon)
Armour
 b - a +0 robe (worn)
Scrolls
 d - a scroll of identify {unknown}
Potions
 c - 2 potions of invisibility


   Skills:
 + Level 1.4 Short Blades
 + Level 2.3 Dodging
 + Level 4.6 Stealth
 - Level 2.0 Spellcasting
 * Level 4.8 Hexes
 + Level 0.0 Ice Magic


You had 3 spell levels left.
You knew the following spells:

 Your Spells              Type           Power      Damage    Failure   Level
a - Ensorcelled Hibernat  Hex/Ice        20%        N/A       11%         2

Your spell library contained the following spells:

 Spells                   Type           Power      Damage    Failure   Level
 Confusing Touch          Hex            18%        N/A       8%          3
 Tukima's Dance           Hex            18%        N/A       8%          3
 Dazzling Flash           Conj/Hex       18%        N/A       22%         3


Dungeon Overview and Level Annotations

Branches:
Dungeon (1/15)

Altars:

Shops:
D:1 *


Innate Abilities, Weirdness & Mutations

Your natural rate of healing is accelerated.
You have razor-sharp teeth.
You have supernaturally acute eyesight. (SInv)
You are afflicted with vampirism.


Message History

You now have 20 gold pieces (gained 10).
A kobold comes into view. It is wielding a +0 short sword.
The kobold shouts!
An endoplasm comes into view.
The kobold moves out of view.
An endoplasm is nearby!
Found a spear.
The kobold closely misses you.
You closely miss the kobold. Your bite misses the kobold.
The endoplasm jiggles.
The kobold hits you but does no damage.
You barely miss the kobold. Your bite misses the kobold.
The kobold hits you with a +0 short sword.
You closely miss the kobold. The kobold barely misses you.
You closely miss the kobold. The endoplasm hits you.
The kobold hits you but does no damage.
You closely miss the kobold. The endoplasm freezes you.
You are frozen.
The kobold hits you with a +0 short sword.
You hit the kobold. Your bite misses the kobold.
The kobold is heavily wounded.
The endoplasm freezes you.
You are frozen.
The kobold hits you with a +0 short sword.
* * * LOW HITPOINT WARNING * * *
You barely miss the kobold.
The kobold is heavily wounded.
The endoplasm barely misses you. The kobold completely misses you.
Casting: Ensorcelled Hibernation (safe; 11% risk of failure)
Confirm with . or Enter, or press ? or * to list all spells.
Aiming: Ensorcelled Hibernation (safe; 11% risk of failure)
Press: ? - help, Shift-Dir - straight line, f - kobold
Aim: a kobold, wielding a +0 short sword (heavily wounded, chance to affect: 62%)
The kobold resists with significant effort.
The endoplasm freezes you.
You are frozen.
* * * LOW HITPOINT WARNING * * *
The kobold hits you with a +0 short sword.
You die...

.... ....... ... .......
..###$....# .........##
#........)# ###
#######...........########
...##.....#...................
..............@K...# .........
................J..##
......... ...............#.#.#
......... ..............#..# #
......... ..............#.##
........# ..............#.###.
........#
....................#
.........
........).(..........
......... ....#........#######
##......#


You could see an endoplasm and a kobold.

Vanquished Creatures
  A ball python (D:1)
  3 bats (D:1)
  An endoplasm (D:1)
  A goblin (D:1)
  3 kobolds (D:1)
9 creatures vanquished.

Notes
Turn   | Place    | Note
-------+----------+-------------------------------------------
     0 | D:1      | Toastz the Vampire Enchanter began the quest for the Orb.
     0 | D:1      | Reached XP level 1. HP: 13/13 MP: 3/3
    40 | D:1      | Found Feof's Assorted Antiques.
   134 | D:1      | Reached XP level 2. HP: 14/19 MP: 5/5
   184 | D:1      | Learned a level 2 spell: Ensorcelled Hibernation
   264 | D:1      | Slain by a kobold

Illustrated notes

Levels and vault maps discovered:
D:1:      dpeg_arrival_pits, layout_rooms, serial_shops, shop

Action                     || total
---------------------------++-------
  Melee: Dagger            ||    34
   Cast: Ensorcelled Hiber ||     1
   Stab: Sleeping          ||     2
 Armour: Robe              ||    28
  Dodge: Dodged            ||    24

Table legend: (Time is in decaauts)
 A = Elapsed time spent in this place.
 B = Non-inter-level travel time spent in this place.
 C = Inter-level travel time spent in this place.
 D = Time resting spent in this place.
 E = Time spent auto-exploring this place.
 F = Levels seen in this place.
 G = Mean time per level.
                   A        B        C        D        E       F      G
               +--------+--------+--------+--------+--------+-----+--------+
         Total |    262 |    262 |      0 |      0 |    173 |   1 |  262.0 |
       Dungeon |    262 |    262 |      0 |      0 |    173 |   1 |  262.0 |
               +--------+--------+--------+--------+--------+-----+--------+

Top non-repeatable levels by time:
     D:1: 262 daAuts
